 Dungeon Crawl Stone Soup version 0.32-a0-868-g153ae1a8d6 (webtiles) character file.

Game seed: 5941876007238286206

943 jasper the Magician (level 7, -4/54 HPs)
             Began as a Mummy Earth Elementalist on Mar 29, 2024.
             Was an Initiate of Ashenzari.
             Killed by divine providence
             ... invoked by an orc priest
              (10 damage)
             ... on level 6 of the Dungeon.
             The game lasted 00:06:52 (5675 turns).

jasper the Magician (Mummy Earth Elementalist)      Turns: 5675, Time: 00:06:52

Health: -4/54      AC:  5    Str: 15    XL:     7   Next: 88%
Magic:  5/16       EV: 11    Int: 20    God:    Ashenzari [......]
Gold:   245        SH:  0    Dex: 12    Spells: 6/18 levels left

rFire   + . .        l - +6 hammer of Votuif {heavy, rF+ Int+4}
rCold   . . .        (no shield)
rNeg    + + +        a - +0 robe "Lashed the Doldrums" {Bglg, Fort} (curse)
rPois   ∞            (no helmet)
rElec   .            j - +1 cloak of the Viny God {Will+ Str+3}
rCorr   .            c - +0 pair of gloves
SInv    .            (no boots)
Will    +....        o - amulet of magic regeneration
Stlth   ++           h - ring of fire
HPRegen 0.29/turn    r - +4 ring of slaying
MPRegen 0.55/turn

%: faith
@: no status effects
A: cold resistance 1, negative energy resistance 3, torment resistance 2, heat
vulnerability 1, in touch with death 1, no potions, faith
a: Renounce Religion, Curse Item, Shatter the Chains


You were on level 6 of the Dungeon.
You worshipped Ashenzari.
Ashenzari was noncommittal.
You visited 2 branches of the dungeon, and saw 7 of its levels.

You collected 245 gold pieces.

Inventory:

Hand Weapons
 b - a +0 dagger
 f - a +0 spear of venom
 l - the +6 hammer of Votuif (weapon) {heavy, rF+ Int+4}
   (You found it on level 3 of the Dungeon)

   Int+4:     It affects your intelligence (+4).
   rF+:       It protects you from fire.
Missiles
 e - a throwing net
Armour
 a - the cursed +0 robe "Lashed the Doldrums" (worn) {Bglg, Fort}

   It has a curse which improves the following skills: Beguiling: Hexes and
   Translocations.
   Fortitude: Armour and Shields.
 c - a +0 pair of gloves (worn)
 d - a +0 cloak
 j - the +1 cloak of the Viny God (worn) {Will+ Str+3}
   (You found it on level 3 of the Dungeon)

   Str+3:     It affects your strength (+3).
   Will+:     It increases your willpower.
Jewellery
 h - a ring of fire (left hand)
 o - an amulet of magic regeneration (around neck)
 r - a +4 ring of slaying (right hand)
Scrolls
 g - a scroll of blinking {unknown}
 i - a scroll of fog {unknown}
 k - 2 scrolls of identify
 n - a scroll of enchant weapon {unknown}
 p - a scroll of brand weapon {unknown}
 q - a scroll of summoning {unknown}


   Skills:
 + Level 4.3 Fighting
 - Level 1.5 Dodging
 - Level 1.5 Stealth
 + Level 6.0 Spellcasting
 - Level 0.7 Conjurations
 * Level 5.8 Earth Magic


You had 6 spell levels left.
You knew the following spells:

 Your Spells              Type           Power      Damage    Failure   Level
a - Sandblast             Erth           58%        2d13      1%          1
b - Passwall              Erth           29%        N/A       2%          3
c - Stone Arrow           Conj/Erth      38%        3d9       9%          3
d - Irradiate             Conj/Alch      3%         3d12      94%         5

Your spell library contained the following spells:

 Spells                   Type           Power      Damage    Failure   Level
 Brom's Barrelling Bould  Conj/Erth      19%        2d4       26%         4
 Volatile Blastmotes      Fire/Tloc      18%        2d11      30%         3
 Petrify                  Alch/Erth      17%        N/A       30%         4
 Vhi's Electric Charge    Tloc/Air       12%        N/A       71%         4
 Bombard                  Conj/Erth      9%         9d2       99%         6
 Sublimation of Blood     Necr           Unusable   N/A       N/A         2

Dungeon Overview and Level Annotations

Branches:
Dungeon (6/15)             Temple (1/1) D:4

Altars:
Ashenzari
Cheibriados
Dithmenos
Fedhas
Gozag
Hepliaklqana
Kikubaaqudgha
Nemelex Xobeh
Okawaru
Qazlal
Ru
Sif Muna
Trog
Uskayaw
Vehumet
Wu Jian
Xom
Yredelemnul

Shops:
D:3 !

Annotations:
D:3 2 transporters, yleetSyT's ghost, amateur OpIE


Innate Abilities, Weirdness & Mutations

You are immune to poison.
Your flesh is cold resistant. (rC+)
You are immune to negative energy. (rN+++)
You are immune to unholy pain and torment.
You are vulnerable to heat. (rF-)
You are in touch with the powers of death.
You do not drink.
You have a special connection with the divine. (Faith)


Message History

Press: ? - help, Shift-Dir - straight line, f - orc wizard
Aim: an orc wizard, wielding a +0 dagger and wearing a +0 robe (60% to hit)
The stone arrow misses the orc wizard.
You now have 5/15 mp.
Casting: Stone Arrow (dangerous; 9% risk of failure)
Confirm with . or Enter, or press ? or * to list all spells.
Aiming: Stone Arrow (dangerous; 9% risk of failure)
Press: ? - help, Shift-Dir - straight line, f/p - orc wizard
Aim: an orc wizard, wielding a +0 dagger and wearing a +0 robe (60% to hit)
The stone arrow hits the orc wizard!
The orc wizard is almost dead.
You now have 2/15 mp.
Casting: Stone Arrow (dangerous; 9% risk of failure)
Confirm with . or Enter, or press ? or * to list all spells.
You don't have enough magic to cast this spell.
Unknown command.
Aiming: Sandblast (safe; 1% risk of failure)
Press: ? - help, Q - select action, (/) - cycle Shift-Dir - straight line, f/p - orc wizard
Aim: an orc wizard, wielding a +0 dagger and wearing a +0 robe (almost dead, 79% to hit)
The blast of sand hits the orc wizard!
You kill the orc wizard!
Your Spellcasting skill increases to level 6!
Aiming: Sandblast (safe; 1% risk of failure)
Press: ? - help, Q - select action, (/) - cycle Shift-Dir - straight line, f - orc
Aim: an orc, wielding a +0 dagger and wearing a +0 ring mail (85% to hit)
The blast of sand hits the orc.
The orc is heavily wounded.
The orc barely misses you. The orc attacks as it pursues you!
The orc hits you but does no damage.
Aiming: Sandblast (safe; 1% risk of failure)
Press: ? - help, Q - select action, (/) - cycle Shift-Dir - straight line, f/p - orc
Aim: an orc, wielding a +0 dagger and wearing a +0 ring mail (heavily wounded, 85% to hit)
The blast of sand hits the orc.
You kill the orc!
You now have 2/16 mp.
The orc priest calls upon Beogh to heal the orc.
The orc's wounds heal themselves!
The orc priest invokes the aid of Beogh against you.
Beogh smites you!
You die...

######## #......##
#.oo....# #.o)o...#
#.)†....##############
#......o......@.......
#........o####........
#........o))..........
#...>.....#...........
#........###..........
####....## #..........
.## #..........
#...?......
#..........


You could see an orc priest and an orc.

Vanquished Creatures
  A water moccasin (D:4)
  A black bear (D:5)
  An ogre (D:6)
  Blork the orc (D:5)
  A scorpion (D:4)
  2 bombardier beetles
  2 hounds
  Crazy Yiuf (D:3)
  An iguana (D:4)
  Natasha (thrice) (D:3)
  2 orc wizards
  6 gnolls (D:2)
  6 adders
  2 ribbon worms
  2 dart slugs
  15 orcs
  11 ball pythons
  7 endoplasms
  A giant cockroach (D:3)
  4 goblins
  11 hobgoblins
  6 jackals
  8 kobolds
  5 quokkas
  3 bats (D:1)
  3 frilled lizards
  8 rats
114 creatures vanquished.

Notes
Turn   | Place    | Note
-------+----------+-------------------------------------------
     0 | D:1      | jasper the Mummy Earth Elementalist began the quest for the
                  | Orb.
     0 | D:1      | Reached XP level 1. HP: 13/13 MP: 4/4
   190 | D:1      | Reached XP level 2. HP: 20/20 MP: 3/5
   226 | D:1      | Reached skill level 3 in Spellcasting
   580 | D:1      | Reached skill level 1 in Fighting
   709 | D:1      | Reached XP level 3. HP: 23/26 MP: 1/7
  1441 | D:2      | Reached XP level 4. HP: 25/32 MP: 0/9
  2126 | D:2      | Found a stormy altar of Qazlal.
  2604 | D:3      | Noticed Natasha
  2610 | D:3      | Killed Natasha
  2611 | D:3      | Reached XP level 5. HP: 24/38 MP: 5/10
  2643 | D:3      | Reached skill level 4 in Spellcasting
  2945 | D:3      | Found Warulof's Distillery.
  3067 | D:3      | Found a basalt altar of Yredelemnul.
  3091 | D:3      | Noticed Natasha
  3095 | D:3      | Killed Natasha
  3100 | D:3      | Learned a level 3 spell: Passwall
  3104 | D:3      | Learned a level 3 spell: Stone Arrow
  3110 | D:3      | Learned a level 5 spell: Irradiate
  3143 | D:3      | Identified the +1 cloak of the Viny God {Will+ Str+3}
  3409 | D:3      | Found a runed translucent door.
  3410 | D:3      | Noticed Crazy Yiuf
  3665 | D:3      | Found a transporter.
  3667 | D:3      | Identified the +10 giant spiked club "Epixecin" {antimagic,
                  | rF++ Will+ rCorr Str-4}
  3667 | D:3      | Noticed an ogre
  3668 | D:3      | Noticed yleetSyT's ghost (amateur OpIE)
  3669 | D:3      | Found a transporter.
  3670 | D:3      | Noticed an ogre
  3673 | D:3      | Noticed an ogre
  3975 | D:3      | Noticed Natasha
  3978 | D:3      | Killed Natasha
  4030 | D:3      | Killed Crazy Yiuf
  4031 | D:3      | Reached XP level 6. HP: 37/46 MP: 5/12
  4034 | D:3      | Identified the +6 hammer of Votuif {heavy, rF+ Int+4}
  4129 | D:4      | Found an opulent altar of Gozag.
  4433 | D:4      | Found a staircase to the Ecumenical Temple.
  4458 | Temple   | Entered the Ecumenical Temple
  4465 | Temple   | Became a worshipper of Ashenzari the Shackled
  4509 | D:4      | Found a radiant altar of Vehumet.
  4509 | D:4      | Found a hide-covered altar of Uskayaw.
  4654 | D:4      | Reached skill level 5 in Spellcasting
  5105 | D:5      | Entered Level 5 of the Dungeon
  5123 | D:5      | Noticed a water moccasin
  5139 | D:4      | Killed a water moccasin
  5140 | D:4      | Reached skill level 5 in Earth Magic
  5140 | D:4      | Reached XP level 7. HP: 5/52 MP: 12/14
  5440 | D:5      | Found a shimmering blue altar of Sif Muna.
  5616 | D:5      | Noticed Blork the orc
  5626 | D:5      | Killed Blork the orc
  5633 | D:5      | Identified the +1 pair of gloves of Resonance {-Tele rElec
                  | Int+2}
  5662 | D:6      | HP: 2/54 [orc priest/+0 club (3)]
  5669 | D:6      | Reached skill level 6 in Spellcasting
  5675 | D:6      | Killed from afar by an orc priest

Illustrated notes

Levels and vault maps discovered:
D:1:      dpeg_arrival_subterranean_lakeside_camping, layout_basic
D:2:      mumra_celtic_spiral_tile, layout_loops_ring, basic_altar
D:3:      layout_loops_corners, general_overflow_altar, gammafunk_ghost_smash,
          serial_shops, shop, uniq_natasha, uniq_crazy_yiuf_cottage
D:4:      layout_cave_pods, grunt_gozag_statues,
          chequers_temple_overflow_statue_of_worship,
          minmay_temple_entry_statues_fountains, chequers_serial_rivers_small_a
D:5:      layout_layer_cave, mainiacjoe_overflow_alcove_1,
          hellmonk_sif_muna_bookshelves, uniq_blork_the_orc
D:6:      layout_rooms, kennysheep_nub
Temple:   nicolae_temple_superstar

Skill      XL: |  1  2  3  4  5  6  7 |
---------------+----------------------+-----
Spellcasting   | 3 4 5 6 |  6.0
Fighting       | 1 2 3 4 |  4.3
Earth Magic    | 3 4 5 |  5.8
Dodging        | |  1.5
Stealth        | |  1.5
Conjurations   | |  0.7

Action                     |  1- 3 |  4- 6 |  7- 9 || total
---------------------------+-------+-------+-------++-------
  Melee: Dagger            |    47 |       |       ||    47
         Spear             |       |    13 |       ||    13
         Mace              |       |     3 |       ||     3
  Throw: Throwing net      |     1 |       |       ||     1
   Cast: Sandblast         |    56 |   110 |    34 ||   200
         Stone Arrow       |       |       |     5 ||     5
 Invoke: Curse Item        |       |       |     1 ||     1
    Use: Scroll            |     2 |     1 |     1 ||     4
 Armour: Robe              |    59 |    67 |    24 ||   150
  Dodge: Dodged            |    39 |    46 |    25 ||   110

Table legend: (Time is in decaauts)
 A = Elapsed time spent in this place.
 B = Non-inter-level travel time spent in this place.
 C = Inter-level travel time spent in this place.
 D = Time resting spent in this place.
 E = Time spent auto-exploring this place.
 F = Levels seen in this place.
 G = Mean time per level.
                   A        B        C        D        E       F      G
               +--------+--------+--------+--------+--------+-----+--------+
         Total |   5780 |   5498 |    282 |    621 |   4019 |   7 |  825.7 |
       Dungeon |   5766 |   5490 |    276 |    621 |   4019 |   6 |  961.0 |
        Temple |     14 |      8 |      6 |      0 |      0 |   1 |   14.0 |
               +--------+--------+--------+--------+--------+-----+--------+

Top non-repeatable levels by time:
     D:2: 1452 daAuts
     D:3: 1442 daAuts
     D:1: 1288 daAuts
     D:4: 1168 daAuts
     D:5: 384 daAuts
     D:6: 30 daAuts
  Temple: 14 daAuts
